 Dungeon Crawl Stone Soup version 0.23.2-1-ga50397a (webtiles) character file.

Game seed: 11542731796333783206

588 kaladindcss the Chopper (level 7, -6/62 HPs)
             Began as a Hill Orc Monk on May 21, 2019.
             Mangled by an ogre
             ... wielding a +0 giant spiked club
              (20 damage)
             ... on level 4 of the Dungeon.
             The game lasted 00:10:39 (4748 turns).

kaladindcss the Chopper (Hill Orc Monk)             Turns: 4748, Time: 00:10:41

Health: -6/62      AC: 11    Str: 16    XL:     7   Next: 38%
Magic:  7/7        EV:  5    Int: 10    God:
Gold:   119        SH: 10    Dex: 13    Spells: 6/6 levels left

rFire    + + .     SeeInvis +   a - +0 hand axe
rCold    + . .     Gourm    .   e - +1 shield
rNeg     . . .     Faith    .   f - +1 chain mail {rF+}
rPois    .         Spirit   .   c - +0 helmet
rElec    .         Reflect  .   n - scarf {rC+ rF+}
rCorr    .         Harm     .   (no gloves)
MR       .....                  (no boots)
Stlth    ..........             (no amulet)
HPRegen  0.20/turn              q - ring of see invisible
MPRegen  0.10/turn              b - ring of flight

@: no status effects
A: no striking features
a: Evoke Flight


You were on level 4 of the Dungeon.
You were hungry.

You visited 1 branch of the dungeon, and saw 4 of its levels.

You collected 119 gold pieces.

Inventory:

Hand Weapons
 a - a +0 hand axe (weapon)
Armour
 c - a +0 helmet (worn)
 e - a +1 shield (worn)
 f - a +1 chain mail of fire resistance (worn)
 n - a scarf of resistance (worn)
Jewellery
 b - a ring of flight (right hand)
 q - a ring of see invisible (left hand)
Wands
 u - a wand of iceblast (3)
Scrolls
 g - 2 scrolls of teleportation
 h - a scroll of fear
 k - 4 scrolls of remove curse
 o - 2 scrolls of fog
 p - a scroll of immolation
 s - 2 scrolls of amnesia
 t - a scroll of magic mapping {unknown}
Potions
 d - 3 potions of magic
 i - a potion of invisibility
 j - a potion of haste {unknown}
 l - 2 potions of degeneration {unknown}
 m - a potion of brilliance {unknown}
 v - a potion of resistance {unknown}
 w - a potion of agility {unknown}


   Skills:
 * Level 5.7 Fighting
 + Level 6.4 Axes
 * Level 4.0 Armour
 - Level 2.5 Dodging
 - Level 1.6 Stealth
 * Level 3.7 Shields


You had 6 spell levels left.
You didn't know any spells.
Your spell library was empty.

Dungeon Overview and Level Annotations

Branches:
Dungeon (4/15)
 Temple: D:4-7

Altars:

Shops:
D:4 *

Annotations:
D:3 1 runed translucent door, Zanta616's ghost, amateur HONe


Message History

You hit the ogre but do no damage.
The ogre is lightly wounded.
The ogre barely misses you.
You hit the ogre.
The ogre is heavily wounded.
You hit the ogre.
The ogre is heavily wounded.
You block the ogre's attack.
You hit the ogre.
The ogre is severely wounded.
The ogre hits you with a +0 giant spiked club!
You are too injured to fight recklessly!
You hit the ogre.
The ogre is severely wounded.
The ogre hits you with a +0 giant spiked club!
* * * LOW HITPOINT WARNING * * *
You barely miss the ogre.
The ogre is severely wounded.
The ogre hits you with a +0 giant spiked club!!
You die...

##.##### #8.8#
#.......... ##.##
#..........
#####.#.######..........
#).###.###..##..........
.8...#.#.รท.8.#..........
....#'.(#[...#..........
..[.#'.'#....#..........
.8)(.#.#...8.#..@O..?...
#..###.###..##..........
#####.#.######.#########
# ##.## ##.# ## #'# ##..#
.## ##.## ##...#
..###.#.###....#
...##.#.##.....#
....#.#.#......#


You could see an ogre.

Vanquished Creatures
  2 ogres (D:4)
  A bullfrog (D:3)
  A centaur zombie (D:3)
  2 hounds (D:4)
  An orc priest (D:4)
  2 orc wizards (D:4)
  2 worker ants (D:4)
  2 adders (D:2)
  2 oozes (D:1)
  An adder zombie (D:4)
  3 worms
  4 dart slugs
  3 leopard geckos
  14 orcs
  6 giant cockroaches
  3 goblins
  5 hobgoblins
  4 jackals
  2 quokkas
  6 bats
  8 frilled lizards
  2 kobolds
  A quokka skeleton (D:4)
  6 rats
83 creatures vanquished.

Notes
Turn   | Place    | Note
-------+----------+-------------------------------------------
     0 | D:1      | kaladindcss the Hill Orc Monk began the quest for the Orb.
     0 | D:1      | Reached XP level 1. HP: 19/19 MP: 1/1
   136 | D:1      | Reached XP level 2. HP: 27/27 MP: 2/2
   785 | D:1      | Reached XP level 3. HP: 32/33 MP: 3/3
  1531 | D:2      | Reached skill level 1 in Armour
  1695 | D:2      | Reached skill level 1 in Shields
  1695 | D:2      | Reached XP level 4. HP: 41/41 MP: 4/4
  2426 | D:3      | Reached skill level 5 in Axes
  2426 | D:3      | Reached XP level 5. HP: 41/47 MP: 5/5
  2816 | D:3      | Found a runed translucent door.
  2817 | D:3      | Noticed Zanta616's ghost (amateur HONe)
  2886 | D:3      | Reached skill level 5 in Fighting
  3161 | D:4      | Reached XP level 6. HP: 44/56 MP: 6/6
  3280 | D:4      | Found Patumaele's Assorted Antiques.
  3495 | D:4      | Reached skill level 6 in Axes
  3905 | D:4      | Reached XP level 7. HP: 33/61 MP: 7/7
  4748 | D:4      | Mangled by an ogre

Skill      XL: |  1  2  3  4  5  6  7 |
---------------+----------------------+-----
Fighting       | 4 5 |  5.7
Armour         | 1 2 3 4 |  4.0
Shields        | 1 2 3 |  3.7
Axes           | 5 6 |  6.4
Dodging        | |  2.5
Stealth        | |  1.6

Action                   |  1- 3 |  4- 6 |  7- 9 || total
-------------------------+-------+-------+-------++-------
Melee: Hand axe          |   108 |   233 |    65 ||   406
  Use: Scroll            |     3 |     7 |       ||    10
 Stab: Sleeping          |     2 |       |       ||     2
  Eat: Ration            |     1 |     2 |       ||     3
       Chunk             |       |     2 |       ||     2
Armor: Robe              |     4 |       |       ||     4
       Chain mail        |    37 |    70 |     6 ||   113
       Ring mail         |       |    27 |     4 ||    31
Dodge: Dodged            |    24 |    66 |    22 ||   112
Block: Shield            |    31 |   113 |    29 ||   173
